Workbook

Sheet Summary
A1: HVAC Material Cost Estimator
A3: Estimate Totals | B3: Value | D3: Status | E3: Lines
A4: Entered material lines | B4: =IF(COUNTIF(Estimate!$F$5:$F$104,"<>")=0,"",COUNTIF(Estimate!$F$5:$F$104,"<>")) | D4: =Assumptions!$E$3 | E4: =COUNTIF(Estimate!$V$5:$V$104,D4)
A5: Material cost | B5: =IF($B$4="","",SUM(Estimate!$L$5:$L$104)) | D5: =Assumptions!$E$4 | E5: =COUNTIF(Estimate!$V$5:$V$104,D5)
A6: Estimated tax | B6: =IF($B$4="","",SUM(Estimate!$N$5:$N$104)) | D6: =Assumptions!$E$5 | E6: =COUNTIF(Estimate!$V$5:$V$104,D6)
A7: Labor cost | B7: =IF($B$4="","",SUM(Estimate!$Q$5:$Q$104)) | D7: =Assumptions!$E$6 | E7: =COUNTIF(Estimate!$V$5:$V$104,D7)
A8: Total cost | B8: =IF($B$4="","",SUM(Estimate!$R$5:$R$104)) | D8: =Assumptions!$E$7 | E8: =COUNTIF(Estimate!$V$5:$V$104,D8)
A9: Selling price | B9: =IF($B$4="","",SUM(Estimate!$T$5:$T$104)) | D9: =Assumptions!$E$8 | E9: =COUNTIF(Estimate!$V$5:$V$104,D9)
A10: Gross margin | B10: =IF(OR($B$8="",$B$9=""),"",$B$9-$B$8)
A11: Gross margin % | B11: =IFERROR($B$10/$B$9,"") | D11: Cost Component | E11: Amount
A12: Lines needing review | B12: =IF($B$4="","",COUNTIF(Estimate!$V$5:$V$104,"Needs Review")) | D12: Material | E12: =IF($B$4="","",$B$5)
A13: Latest estimate date | B13: =IF($B$4="","",MAX(Estimate!$C$5:$C$104)) | D13: Estimated tax | E13: =IF($B$4="","",$B$6)
A14: Incomplete described lines | B14: =IF($B$4="","",$B$4-SUMPRODUCT(--(Estimate!$A$5:$A$104<>""),--(Estimate!$B$5:$B$104<>""),--(Estimate!$C$5:$C$104<>""),--(Estimate!$F$5:$F$104<>""),--(Estimate!$G$5:$G$104<>""),--(Estimate!$H$5:$H$104<>""),--(Estimate!$K$5:$K$104<>""),--(Estimate!$M$5:$M$104<>""),--(Estimate!$U$5:$U$104<>""),--(Estimate!$V$5:$V$104<>""))) | D14: Labor | E14: =IF($B$4="","",$B$7)
A16: Human Check | B16: Reminder
A17: Confirm field quantities, unit costs, waste, labor, responsibility, tax treatment, and final pricing. Alerts are review prompts only.

Sheet Estimate
A1: Material Estimate Lines
A2: Orange cells are editable. Blank waste, labor rate, and markup overrides use the visible defaults on Assumptions. All example customers, jobs, equipment, technicians, and transactions are fictional.
A4: Customer | B4: Job | C4: Estimate Date | D4: Equipment | E4: Technician | F4: Description | G4: Quantity | H4: Unit | I4: Waste % | J4: Extended Qty | K4: Unit Cost | L4: Material Cost | M4: Taxable | N4: Estimated Tax | O4: Labor Hours | P4: Labor Rate | Q4: Labor Cost | R4: Total Cost | S4: Markup % | T4: Selling Price | U4: Responsibility | V4: Status
A5: Fictional Customer - Blue Comet Market | B5: Fictional Demo Job A-101 | C5: 46278 | D5: Fictional Training RTU-A | E5: Fictional Technician A | F5: MERV 8 filter, 20 x 25 x 2 in | G5: 6 | H5: each | I5: 0.05 | J5: =IF(OR($F5="",$G5=""),"",IFERROR($G5*(1+IF($I5="",Assumptions!$B$3,$I5)),"")) | K5: 12.4 | L5: =IF(OR($J5="",$K5=""),"",IFERROR($J5*$K5,"")) | M5: Yes | N5: =IF(OR($L5="",$M5=""),"",IF($M5="Yes",IFERROR($L5*Assumptions!$B$4,""),0)) | O5: 0.5 | Q5: =IF($F5="","",IF($O5="","",IFERROR($O5*IF($P5="",Assumptions!$B$6,$P5),""))) | R5: =IF(OR($L5="",$N5=""),"",IFERROR(SUM($L5,$N5,IF($Q5="",0,$Q5)),"")) | T5: =IF($R5="","",IFERROR($R5*(1+IF($S5="",Assumptions!$B$5,$S5)),"")) | U5: Contractor | V5: Draft
A6: Fictional Customer - Blue Comet Market | B6: Fictional Demo Job A-101 | C6: 46278 | D6: Fictional Training RTU-A | E6: Fictional Technician A | F6: Copper tube, 3/4 in | G6: 80 | H6: feet | I6: 0.1 | J6: =IF(OR($F6="",$G6=""),"",IFERROR($G6*(1+IF($I6="",Assumptions!$B$3,$I6)),"")) | K6: 4.85 | L6: =IF(OR($J6="",$K6=""),"",IFERROR($J6*$K6,"")) | M6: Yes | N6: =IF(OR($L6="",$M6=""),"",IF($M6="Yes",IFERROR($L6*Assumptions!$B$4,""),0)) | O6: 4.5 | Q6: =IF($F6="","",IF($O6="","",IFERROR($O6*IF($P6="",Assumptions!$B$6,$P6),""))) | R6: =IF(OR($L6="",$N6=""),"",IFERROR(SUM($L6,$N6,IF($Q6="",0,$Q6)),"")) | S6: 0.28 | T6: =IF($R6="","",IFERROR($R6*(1+IF($S6="",Assumptions!$B$5,$S6)),"")) | U6: Contractor | V6: Needs Review
A7: Fictional Customer - Blue Comet Market | B7: Fictional Demo Job A-101 | C7: 46278 | D7: Fictional Training RTU-A | E7: Fictional Technician A | F7: Tube insulation, 3/4 in | G7: 80 | H7: feet | I7: 0.1 | J7: =IF(OR($F7="",$G7=""),"",IFERROR($G7*(1+IF($I7="",Assumptions!$B$3,$I7)),"")) | K7: 1.65 | L7: =IF(OR($J7="",$K7=""),"",IFERROR($J7*$K7,"")) | M7: Yes | N7: =IF(OR($L7="",$M7=""),"",IF($M7="Yes",IFERROR($L7*Assumptions!$B$4,""),0)) | O7: 2 | Q7: =IF($F7="","",IF($O7="","",IFERROR($O7*IF($P7="",Assumptions!$B$6,$P7),""))) | R7: =IF(OR($L7="",$N7=""),"",IFERROR(SUM($L7,$N7,IF($Q7="",0,$Q7)),"")) | T7: =IF($R7="","",IFERROR($R7*(1+IF($S7="",Assumptions!$B$5,$S7)),"")) | U7: Contractor | V7: Draft
A8: Fictional Customer - Violet Lantern Offices | B8: Fictional Demo Job B-204 | C8: 46281 | D8: Fictional Training Furnace-B | E8: Fictional Technician B | F8: Fabricated sheet metal transition | G8: 1 | H8: each | I8: 0 | J8: =IF(OR($F8="",$G8=""),"",IFERROR($G8*(1+IF($I8="",Assumptions!$B$3,$I8)),"")) | K8: 1000 | L8: =IF(OR($J8="",$K8=""),"",IFERROR($J8*$K8,"")) | M8: Yes | N8: =IF(OR($L8="",$M8=""),"",IF($M8="Yes",IFERROR($L8*Assumptions!$B$4,""),0)) | O8: 6 | P8: 105 | Q8: =IF($F8="","",IF($O8="","",IFERROR($O8*IF($P8="",Assumptions!$B$6,$P8),""))) | R8: =IF(OR($L8="",$N8=""),"",IFERROR(SUM($L8,$N8,IF($Q8="",0,$Q8)),"")) | S8: 0.35 | T8: =IF($R8="","",IFERROR($R8*(1+IF($S8="",Assumptions!$B$5,$S8)),"")) | U8: Contractor | V8: Ready
A9: Fictional Customer - Violet Lantern Offices | B9: Fictional Demo Job B-204 | C9: 46281 | D9: Fictional Training Furnace-B | E9: Fictional Technician B | F9: Programmable thermostat | G9: 2 | H9: each | I9: 0.02 | J9: =IF(OR($F9="",$G9=""),"",IFERROR($G9*(1+IF($I9="",Assumptions!$B$3,$I9)),"")) | K9: 74 | L9: =IF(OR($J9="",$K9=""),"",IFERROR($J9*$K9,"")) | M9: Yes | N9: =IF(OR($L9="",$M9=""),"",IF($M9="Yes",IFERROR($L9*Assumptions!$B$4,""),0)) | O9: 1.5 | Q9: =IF($F9="","",IF($O9="","",IFERROR($O9*IF($P9="",Assumptions!$B$6,$P9),""))) | R9: =IF(OR($L9="",$N9=""),"",IFERROR(SUM($L9,$N9,IF($Q9="",0,$Q9)),"")) | T9: =IF($R9="","",IFERROR($R9*(1+IF($S9="",Assumptions!$B$5,$S9)),"")) | U9: Contractor | V9: Won
A10: Fictional Customer - Violet Lantern Offices | B10: Fictional Demo Job B-204 | C10: 46281 | D10: Fictional Training Furnace-B | E10: Fictional Technician B | F10: PVC condensate pipe, 3/4 in | G10: 40 | H10: feet | I10: 0.1 | J10: =IF(OR($F10="",$G10=""),"",IFERROR($G10*(1+IF($I10="",Assumptions!$B$3,$I10)),"")) | K10: 1.25 | L10: =IF(OR($J10="",$K10=""),"",IFERROR($J10*$K10,"")) | M10: Yes | N10: =IF(OR($L10="",$M10=""),"",IF($M10="Yes",IFERROR($L10*Assumptions!$B$4,""),0)) | O10: 2 | Q10: =IF($F10="","",IF($O10="","",IFERROR($O10*IF($P10="",Assumptions!$B$6,$P10),""))) | R10: =IF(OR($L10="",$N10=""),"",IFERROR(SUM($L10,$N10,IF($Q10="",0,$Q10)),"")) | T10: =IF($R10="","",IFERROR($R10*(1+IF($S10="",Assumptions!$B$5,$S10)),"")) | U10: Contractor | V10: On Hold
A11: Fictional Customer - Paper Airplane Workshop | B11: Fictional Demo Job C-310 | C11: 46284 | D11: Fictional Training Heat Pump-C | E11: Fictional Technician C | F11: Two-pole contactor | G11: 2 | H11: each | I11: 0.05 | J11: =IF(OR($F11="",$G11=""),"",IFERROR($G11*(1+IF($I11="",Assumptions!$B$3,$I11)),"")) | K11: 48.5 | L11: =IF(OR($J11="",$K11=""),"",IFERROR($J11*$K11,"")) | M11: Yes | N11: =IF(OR($L11="",$M11=""),"",IF($M11="Yes",IFERROR($L11*Assumptions!$B$4,""),0)) | O11: 1.25 | Q11: =IF($F11="","",IF($O11="","",IFERROR($O11*IF($P11="",Assumptions!$B$6,$P11),""))) | R11: =IF(OR($L11="",$N11=""),"",IFERROR(SUM($L11,$N11,IF($Q11="",0,$Q11)),"")) | T11: =IF($R11="","",IFERROR($R11*(1+IF($S11="",Assumptions!$B$5,$S11)),"")) | U11: Contractor | V11: Ready
A12: Fictional Customer - Paper Airplane Workshop | B12: Fictional Demo Job C-310 | C12: 46284 | D12: Fictional Training Heat Pump-C | E12: Fictional Technician C | F12: Low-voltage cable, 18/8 | G12: 500 | H12: feet | I12: 0 | J12: =IF(OR($F12="",$G12=""),"",IFERROR($G12*(1+IF($I12="",Assumptions!$B$3,$I12)),"")) | K12: 0.42 | L12: =IF(OR($J12="",$K12=""),"",IFERROR($J12*$K12,"")) | M12: Yes | N12: =IF(OR($L12="",$M12=""),"",IF($M12="Yes",IFERROR($L12*Assumptions!$B$4,""),0)) | O12: 8 | Q12: =IF($F12="","",IF($O12="","",IFERROR($O12*IF($P12="",Assumptions!$B$6,$P12),""))) | R12: =IF(OR($L12="",$N12=""),"",IFERROR(SUM($L12,$N12,IF($Q12="",0,$Q12)),"")) | T12: =IF($R12="","",IFERROR($R12*(1+IF($S12="",Assumptions!$B$5,$S12)),"")) | U12: Contractor | V12: Needs Review
A13: Fictional Customer - Paper Airplane Workshop | B13: Fictional Demo Job C-310 | C13: 46284 | D13: Fictional Training Heat Pump-C | E13: Fictional Technician C | F13: Weatherproof disconnect, 60 A | G13: 1 | H13: each | I13: 0 | J13: =IF(OR($F13="",$G13=""),"",IFERROR($G13*(1+IF($I13="",Assumptions!$B$3,$I13)),"")) | K13: 96 | L13: =IF(OR($J13="",$K13=""),"",IFERROR($J13*$K13,"")) | M13: Yes | N13: =IF(OR($L13="",$M13=""),"",IF($M13="Yes",IFERROR($L13*Assumptions!$B$4,""),0)) | O13: 2 | Q13: =IF($F13="","",IF($O13="","",IFERROR($O13*IF($P13="",Assumptions!$B$6,$P13),""))) | R13: =IF(OR($L13="",$N13=""),"",IFERROR(SUM($L13,$N13,IF($Q13="",0,$Q13)),"")) | T13: =IF($R13="","",IFERROR($R13*(1+IF($S13="",Assumptions!$B$5,$S13)),"")) | U13: Other | V13: Lost
A14: Fictional Customer - Tangerine Moon Library | B14: Fictional Demo Job D-415 | C14: 46288 | D14: Fictional Training Air Handler-D | E14: Fictional Technician D | F14: Customer-furnished thermostat | G14: 1 | H14: each | I14: 0 | J14: =IF(OR($F14="",$G14=""),"",IFERROR($G14*(1+IF($I14="",Assumptions!$B$3,$I14)),"")) | K14: 0 | L14: =IF(OR($J14="",$K14=""),"",IFERROR($J14*$K14,"")) | M14: No | N14: =IF(OR($L14="",$M14=""),"",IF($M14="Yes",IFERROR($L14*Assumptions!$B$4,""),0)) | O14: 1 | Q14: =IF($F14="","",IF($O14="","",IFERROR($O14*IF($P14="",Assumptions!$B$6,$P14),""))) | R14: =IF(OR($L14="",$N14=""),"",IFERROR(SUM($L14,$N14,IF($Q14="",0,$Q14)),"")) | S14: 0.25 | T14: =IF($R14="","",IFERROR($R14*(1+IF($S14="",Assumptions!$B$5,$S14)),"")) | U14: Customer | V14: Ready
J15: =IF(OR($F15="",$G15=""),"",IFERROR($G15*(1+IF($I15="",Assumptions!$B$3,$I15)),"")) | L15: =IF(OR($J15="",$K15=""),"",IFERROR($J15*$K15,"")) | N15: =IF(OR($L15="",$M15=""),"",IF($M15="Yes",IFERROR($L15*Assumptions!$B$4,""),0)) | Q15: =IF($F15="","",IF($O15="","",IFERROR($O15*IF($P15="",Assumptions!$B$6,$P15),""))) | R15: =IF(OR($L15="",$N15=""),"",IFERROR(SUM($L15,$N15,IF($Q15="",0,$Q15)),"")) | T15: =IF($R15="","",IFERROR($R15*(1+IF($S15="",Assumptions!$B$5,$S15)),""))
J16: =IF(OR($F16="",$G16=""),"",IFERROR($G16*(1+IF($I16="",Assumptions!$B$3,$I16)),"")) | L16: =IF(OR($J16="",$K16=""),"",IFERROR($J16*$K16,"")) | N16: =IF(OR($L16="",$M16=""),"",IF($M16="Yes",IFERROR($L16*Assumptions!$B$4,""),0)) | Q16: =IF($F16="","",IF($O16="","",IFERROR($O16*IF($P16="",Assumptions!$B$6,$P16),""))) | R16: =IF(OR($L16="",$N16=""),"",IFERROR(SUM($L16,$N16,IF($Q16="",0,$Q16)),"")) | T16: =IF($R16="","",IFERROR($R16*(1+IF($S16="",Assumptions!$B$5,$S16)),""))
J17: =IF(OR($F17="",$G17=""),"",IFERROR($G17*(1+IF($I17="",Assumptions!$B$3,$I17)),"")) | L17: =IF(OR($J17="",$K17=""),"",IFERROR($J17*$K17,"")) | N17: =IF(OR($L17="",$M17=""),"",IF($M17="Yes",IFERROR($L17*Assumptions!$B$4,""),0)) | Q17: =IF($F17="","",IF($O17="","",IFERROR($O17*IF($P17="",Assumptions!$B$6,$P17),""))) | R17: =IF(OR($L17="",$N17=""),"",IFERROR(SUM($L17,$N17,IF($Q17="",0,$Q17)),"")) | T17: =IF($R17="","",IFERROR($R17*(1+IF($S17="",Assumptions!$B$5,$S17)),""))
J18: =IF(OR($F18="",$G18=""),"",IFERROR($G18*(1+IF($I18="",Assumptions!$B$3,$I18)),"")) | L18: =IF(OR($J18="",$K18=""),"",IFERROR($J18*$K18,"")) | N18: =IF(OR($L18="",$M18=""),"",IF($M18="Yes",IFERROR($L18*Assumptions!$B$4,""),0)) | Q18: =IF($F18="","",IF($O18="","",IFERROR($O18*IF($P18="",Assumptions!$B$6,$P18),""))) | R18: =IF(OR($L18="",$N18=""),"",IFERROR(SUM($L18,$N18,IF($Q18="",0,$Q18)),"")) | T18: =IF($R18="","",IFERROR($R18*(1+IF($S18="",Assumptions!$B$5,$S18)),""))
J19: =IF(OR($F19="",$G19=""),"",IFERROR($G19*(1+IF($I19="",Assumptions!$B$3,$I19)),"")) | L19: =IF(OR($J19="",$K19=""),"",IFERROR($J19*$K19,"")) | N19: =IF(OR($L19="",$M19=""),"",IF($M19="Yes",IFERROR($L19*Assumptions!$B$4,""),0)) | Q19: =IF($F19="","",IF($O19="","",IFERROR($O19*IF($P19="",Assumptions!$B$6,$P19),""))) | R19: =IF(OR($L19="",$N19=""),"",IFERROR(SUM($L19,$N19,IF($Q19="",0,$Q19)),"")) | T19: =IF($R19="","",IFERROR($R19*(1+IF($S19="",Assumptions!$B$5,$S19)),""))
J20: =IF(OR($F20="",$G20=""),"",IFERROR($G20*(1+IF($I20="",Assumptions!$B$3,$I20)),"")) | L20: =IF(OR($J20="",$K20=""),"",IFERROR($J20*$K20,"")) | N20: =IF(OR($L20="",$M20=""),"",IF($M20="Yes",IFERROR($L20*Assumptions!$B$4,""),0)) | Q20: =IF($F20="","",IF($O20="","",IFERROR($O20*IF($P20="",Assumptions!$B$6,$P20),""))) | R20: =IF(OR($L20="",$N20=""),"",IFERROR(SUM($L20,$N20,IF($Q20="",0,$Q20)),"")) | T20: =IF($R20="","",IFERROR($R20*(1+IF($S20="",Assumptions!$B$5,$S20)),""))
J21: =IF(OR($F21="",$G21=""),"",IFERROR($G21*(1+IF($I21="",Assumptions!$B$3,$I21)),"")) | L21: =IF(OR($J21="",$K21=""),"",IFERROR($J21*$K21,"")) | N21: =IF(OR($L21="",$M21=""),"",IF($M21="Yes",IFERROR($L21*Assumptions!$B$4,""),0)) | Q21: =IF($F21="","",IF($O21="","",IFERROR($O21*IF($P21="",Assumptions!$B$6,$P21),""))) | R21: =IF(OR($L21="",$N21=""),"",IFERROR(SUM($L21,$N21,IF($Q21="",0,$Q21)),"")) | T21: =IF($R21="","",IFERROR($R21*(1+IF($S21="",Assumptions!$B$5,$S21)),""))
J22: =IF(OR($F22="",$G22=""),"",IFERROR($G22*(1+IF($I22="",Assumptions!$B$3,$I22)),"")) | L22: =IF(OR($J22="",$K22=""),"",IFERROR($J22*$K22,"")) | N22: =IF(OR($L22="",$M22=""),"",IF($M22="Yes",IFERROR($L22*Assumptions!$B$4,""),0)) | Q22: =IF($F22="","",IF($O22="","",IFERROR($O22*IF($P22="",Assumptions!$B$6,$P22),""))) | R22: =IF(OR($L22="",$N22=""),"",IFERROR(SUM($L22,$N22,IF($Q22="",0,$Q22)),"")) | T22: =IF($R22="","",IFERROR($R22*(1+IF($S22="",Assumptions!$B$5,$S22)),""))
J23: =IF(OR($F23="",$G23=""),"",IFERROR($G23*(1+IF($I23="",Assumptions!$B$3,$I23)),"")) | L23: =IF(OR($J23="",$K23=""),"",IFERROR($J23*$K23,"")) | N23: =IF(OR($L23="",$M23=""),"",IF($M23="Yes",IFERROR($L23*Assumptions!$B$4,""),0)) | Q23: =IF($F23="","",IF($O23="","",IFERROR($O23*IF($P23="",Assumptions!$B$6,$P23),""))) | R23: =IF(OR($L23="",$N23=""),"",IFERROR(SUM($L23,$N23,IF($Q23="",0,$Q23)),"")) | T23: =IF($R23="","",IFERROR($R23*(1+IF($S23="",Assumptions!$B$5,$S23)),""))
J24: =IF(OR($F24="",$G24=""),"",IFERROR($G24*(1+IF($I24="",Assumptions!$B$3,$I24)),"")) | L24: =IF(OR($J24="",$K24=""),"",IFERROR($J24*$K24,"")) | N24: =IF(OR($L24="",$M24=""),"",IF($M24="Yes",IFERROR($L24*Assumptions!$B$4,""),0)) | Q24: =IF($F24="","",IF($O24="","",IFERROR($O24*IF($P24="",Assumptions!$B$6,$P24),""))) | R24: =IF(OR($L24="",$N24=""),"",IFERROR(SUM($L24,$N24,IF($Q24="",0,$Q24)),"")) | T24: =IF($R24="","",IFERROR($R24*(1+IF($S24="",Assumptions!$B$5,$S24)),""))
J25: =IF(OR($F25="",$G25=""),"",IFERROR($G25*(1+IF($I25="",Assumptions!$B$3,$I25)),"")) | L25: =IF(OR($J25="",$K25=""),"",IFERROR($J25*$K25,"")) | N25: =IF(OR($L25="",$M25=""),"",IF($M25="Yes",IFERROR($L25*Assumptions!$B$4,""),0)) | Q25: =IF($F25="","",IF($O25="","",IFERROR($O25*IF($P25="",Assumptions!$B$6,$P25),""))) | R25: =IF(OR($L25="",$N25=""),"",IFERROR(SUM($L25,$N25,IF($Q25="",0,$Q25)),"")) | T25: =IF($R25="","",IFERROR($R25*(1+IF($S25="",Assumptions!$B$5,$S25)),""))
J26: =IF(OR($F26="",$G26=""),"",IFERROR($G26*(1+IF($I26="",Assumptions!$B$3,$I26)),"")) | L26: =IF(OR($J26="",$K26=""),"",IFERROR($J26*$K26,"")) | N26: =IF(OR($L26="",$M26=""),"",IF($M26="Yes",IFERROR($L26*Assumptions!$B$4,""),0)) | Q26: =IF($F26="","",IF($O26="","",IFERROR($O26*IF($P26="",Assumptions!$B$6,$P26),""))) | R26: =IF(OR($L26="",$N26=""),"",IFERROR(SUM($L26,$N26,IF($Q26="",0,$Q26)),"")) | T26: =IF($R26="","",IFERROR($R26*(1+IF($S26="",Assumptions!$B$5,$S26)),""))
... J104: =IF(OR($F104="",$G104=""),"",IFERROR($G104*(1+IF($I104="",Assumptions!$B$3,$I104)),"")) | L104: =IF(OR($J104="",$K104=""),"",IFERROR($J104*$K104,"")) | N104: =IF(OR($L104="",$M104=""),"",IF($M104="Yes",IFERROR($L104*Assumptions!$B$4,""),0)) | Q104: =IF($F104="","",IF($O104="","",IFERROR($O104*IF($P104="",Assumptions!$B$6,$P104),""))) | R104: =IF(OR($L104="",$N104=""),"",IFERROR(SUM($L104,$N104,IF($Q104="",0,$Q104)),"")) | T104: =IF($R104="","",IFERROR($R104*(1+IF($S104="",Assumptions!$B$5,$S104)),""))

Sheet Assumptions
A1: Editable Assumptions and Lists
A2: Editable Assumption | B2: Value | C2: Purpose | D2: Unit | E2: Status | F2: Responsibility | G2: Taxable
A3: Default waste allowance | B3: 0.08 | C3: Used when a line's waste override is blank. | D3: each | E3: Draft | F3: Contractor | G3: Yes
A4: Planning sales tax rate | B4: 0.0825 | C4: Applied only when Taxable is Yes; confirm local treatment. | D4: feet | E4: Needs Review | F4: Customer | G4: No
A5: Default cost markup | B5: 0.3 | C5: Used when a line's markup override is blank. | D5: inches | E5: Ready | F5: Other
A6: Default labor rate | B6: 95 | C6: Used when a line's labor rate override is blank. | D6: lb | E6: On Hold
A7: Quantity review threshold | B7: 500 | C7: Flags quantities above this level for a human check. | D7: gal | E7: Won
A8: Unit cost review threshold | B8: 1000 | C8: Flags unit costs above this level for a human check. | D8: roll | E8: Lost
A9: Earliest estimate date | B9: 45911 | C9: Earliest date allowed on an estimate line. | D9: box
A10: Latest estimate date | B10: 47006 | C10: Latest date allowed on an estimate line. | D10: set
A11: Maximum waste allowance | B11: 1 | C11: Validation limit for a line-level waste override.
A12: Maximum planning tax rate | B12: 0.25 | C12: Validation limit for the planning tax assumption.
A13: Maximum markup | B13: 5 | C13: Validation limit for a line-level markup override.
A14: Maximum labor rate | B14: 10000 | C14: Validation limit for labor rates.
A15: Maximum labor hours per line | B15: 1000 | C15: Validation limit for labor hours.
A16: Maximum quantity per line | B16: 100000 | C16: Validation limit for material quantity.
A17: Maximum unit cost | B17: 1000000 | C17: Validation limit for unit cost.
A19: Review all quantities, costs, waste, labor, tax assumptions, and selling prices before use. This workbook is a planning aid and does not determine tax treatment, compliance, or engineering suitability.
